 Dungeon Crawl Stone Soup version 0.29.1-15-g9cfb28693d (webtiles) character file.

Game seed: 15930518519489067207

1 leafyfresh the Sneak (level 1, -4/16 HPs)
             Began as an Octopode Delver on Mar 13, 2023.
             Killed from afar by an orc wizard (8 damage)
             ... with a magic dart
             ... on level 3 of the Dungeon.
             The game lasted 00:00:26 (66 turns).

leafyfresh the Sneak (Octopode Delver)                Turns: 66, Time: 00:00:27

Health: -4/16      AC:  1    Str: 17    XL:     1   Next: 20%
Magic:  1/1        EV: 13    Int: 12    God:
Gold:   11         SH:  0    Dex: 13    Spells: 0/0 levels left

rFire   . . .      SeeInvis .   a - +0 short sword
rCold   . . .      Faith    .   (no shield)
rNeg    . . .      Spirit   .   (helmet restricted)
rPois   .          Reflect  .   (no amulet)
rElec   .          Harm     .   i - +6 ring of strength
rCorr   .          Rampage  .   (no ring)
Will    .....                   (no ring)
Stlth   +++.......              (no ring)
HPRegen 0.05/turn               (no ring)
MPRegen 0.07/turn               (no ring)
                                (no ring)
                                (no ring)

@: confused, hasted, very quick
A: almost no armour, amphibious, 8 rings, camouflage 1, gelatinous body 1,
nimble swimmer 1, tentacles
a: no special abilities


You were on level 3 of the Dungeon.
You visited 1 branch of the dungeon, and saw 3 of its levels.

You collected 11 gold pieces.

Inventory:

Hand Weapons
 a - a +0 short sword (weapon)
Jewellery
 i - a +6 ring of strength (left tentacle)
Wands
 f - a wand of digging (3)
Scrolls
 b - a scroll of fog
 c - a scroll of magic mapping
 d - a scroll of fear
Potions
 g - a potion of might {unknown}
 h - a potion of mutation {unknown}


   Skills:
 + Level 3.0 Fighting
 - Level 2.0 Short Blades
 + Level 2.0 Dodging
 + Level 6.6 Stealth


You couldn't memorise any spells.
You didn't know any spells.
Your spell library was empty.

Dungeon Overview and Level Annotations

Branches:
Dungeon (5/15)
 Temple: D:4-7

Altars:


Innate Abilities, Weirdness & Mutations

You cannot wear most types of armour.
You are amphibious.
You can wear up to eight rings at the same time.
Your skin changes colour to match your surroundings (Stealth+).
Your rubbery body absorbs attacks. (AC +1, EV +1)
You are camouflaged when in or above water. (Stealth+)
You have tentacles for arms and can constrict up to eight enemies at once.


Message History

A scorpion is nearby!
There is a stone staircase leading up here.
You feel stronger.
i - a +6 ring of strength (left tentacle)
You climb upwards.
Found an escape hatch in the ceiling.
There is a stone staircase leading down here.
A scorpion is nearby!
You feel yourself speed up. The scorpion stings you.
Unknown command.
There is a stone staircase leading down here.
There is an escape hatch in the ceiling here.
A mysterious force pulls you upwards. The hatch slams shut behind you.
Found 24 gold pieces.
A frilled lizard comes into view.
The helpless giant cockroach fails to defend itself.
You puncture the giant cockroach!
You kill the giant cockroach!
An orc wizard comes into view.
It is wielding a +0 dagger. 2 orc wizards come into view.
An orc comes into view. It is wielding a +0 club.
The orc wizard shouts!
The frilled lizard hisses angrily.
The orc shouts!
The orc wizard shouts!
An orc comes into view. It is wielding a +0 dagger.
The orc shouts!
The orc wizard shouts!
You hit the frilled lizard. Your grab misses the frilled lizard.
The frilled lizard is heavily wounded.
The frilled lizard misses you.
The orc wizard casts a spell.
The orc wizard flickers and vanishes!
Deactivating autopickup; reactivate with Ctrl-A.
A puff of flame appears from out of thin air!
The puff of flame hits you!
Ouch! That really hurt!
* * * LOW HITPOINT WARNING * * *
You are confused.
The orc wizard gestures at you while chanting.
The magic dart hits you!
Ouch! That really hurt!
You die...

#♣.....
##$......
##........
##...≈≈≈.≈≈
##...≈≈.....
#$..≈≈..###.
#♣.r≈≈..##
#...≈..##
#...@.##
#.....#
#..l§.##
#..o≈..#
#♣..≈≈..#
#..o≈≈..#
##..o≈≈....
##..o≈≈≈{≈
##.......


You could see 2 orc wizards, 2 orcs, a quokka and a frilled lizard.

Vanquished Creatures
  A giant cockroach (D:3)
1 creature vanquished.

Notes
Turn   | Place    | Note
-------+----------+-------------------------------------------
     0 | D:5      | leafyfresh the Octopode Delver began the quest for the Orb.
     0 | D:5      | Reached XP level 1. HP: 16/16 MP: 1/1
    35 | D:5      | Noticed a scorpion
    42 | D:4      | Noticed a scorpion
    59 | D:3      | Noticed an orc wizard
    60 | D:3      | Noticed an orc wizard
    60 | D:3      | Noticed an orc wizard
    66 | D:3      | Killed from afar by an orc wizard

Illustrated notes

Levels and vault maps discovered:
D:3:      layout_basic, dreamdust_mushroom_princess, kennysheep_donut
D:4:      layout_cave_pods, minmay_temple_entry_statues_fountains,
          gammafunk_ghost_gnarly_gnolls, roderic_three_in_a_row,
          kennysheep_cluttered_room, minmay_bent, uniq_eustachio
D:5:      layout_rooms, mainiacjoe_overflow_six_doors_small, lemuel_round_altar,
          uniq_menkaure

Action                   || total
-------------------------++-------
Melee: Short sword       ||     2
  Use: Potion            ||     1
 Stab: Sleeping          ||     1
Dodge: Dodged            ||     1
